Map: Jagannatha LE

Players

STARK

  • Race: Protoss Protoss
  • League: Gold

Throwfordays - Winner!

  • Race: Terran Terran
  • League: Silver

VOD

Have the link to the VOD?

Description

Time

  • Played on: Aug. 26, 2021, 11:45 p.m.
  • Length: 5:27
Show
View Real Time Build Order
Export as new Build Order

STARK Protoss 

Build Orders: Phoenix Opening 

Get SALT Encoding   

  12  0:00  Probe  
  13  0:18  Probe (Chrono Boost)  
  13  0:20  Pylon  
  14  0:30  Probe (Chrono Boost)  
  15  0:38  Probe (Chrono Boost)  
  15  0:42  Gateway  
  16  0:49  Probe  
  17  0:52  Assimilator  
  17  1:01  Probe  
  18  1:13  Probe  
  19  1:25  Probe  
  20  1:32  Cybernetics Core  
  20  1:39  Assimilator  
  20  1:42  Pylon  
  20  1:53  Nexus  
  20  2:00  Probe (Chrono Boost)  
  21  2:09  Stalker (Chrono Boost)  
  21  2:10  Probe (Chrono Boost)  
  21  2:14  Warp Gate  
  24  2:18  Probe  
  25  2:30  Probe  
  25  2:36  Stargate  
  26  2:48  Gateway  
  26  2:52  Stalker  
  28  3:07  Pylon  
  28  3:26  Phoenix  
  30  3:30  Probe (Chrono Boost)  
  30  3:31  Probe (Chrono Boost)  
  32  3:40  Probe (Chrono Boost)  
  32  3:41  Probe (Chrono Boost)  
  34  3:45  Pylon, Probe (Chrono Boost)  
  35  3:51  Phoenix  
  37  3:55  Pylon  
  37  4:03  Robotics Facility  
  37  4:07  Probe  
  37  4:09  Assimilator  
  38  4:16  Shield Battery  
  40  4:24  Twilight Council  
  20  5:17  Stalker  
Show
View Real Time Build Order
Export as new Build Order

Throwfordays Terran - Winner!

Build Orders:  

Get SALT Encoding   

  12  0:00  SCV  
  13  0:12  SCV  
  14  0:19  Supply Depot  
  14  0:24  SCV  
  15  0:30  Refinery  
  15  0:43  Barracks  
  15  0:46  SCV  
  16  0:58  SCV  
  17  1:17  Supply Depot  
  17  1:18  SCV  
  18  1:30  SCV  
  19  1:40  Reaper  
  19  1:42  SCV  
  21  1:48  Refinery  
  21  1:52  Barracks  
  21  1:54  SCV  
  22  2:12  Reaper  
  23  2:41  Barracks Reactor, Barracks  
  23  2:45  Barracks Reactor  
  23  2:56  SCV  
  24  3:08  SCV  
  24  3:17  Reaper  
  26  3:25  Reaper  
  26  3:27  Reaper x2  
  26  3:30  Reaper  
  29  3:43  Command Center  
  29  3:49  Reaper  
  30  3:57  Reaper  
  31  4:07  Supply Depot  
  31  4:29  Reaper x3, SCV  
  35  4:41  SCV  
Tags
 
Add a new tag
Caveats
  • Supply blocks, unpowered buildings, or Contaminate may cause inaccurate times.
  • Supply counts are checked every 10 seconds.